 Dungeon Crawl Stone Soup version 0.21-a0-274-gc1afaeb (webtiles) character file.

5761 Lavandula the Grappler (level 10, -9/86 HPs)
             Began as a Ghoul Warper on Sept 18, 2017.
             Was a Follower of Uskayaw.
             Mangled by an orc warrior
             ... wielding a +0 dire flail
              (22 damage)
             ... on level 11 of the Dungeon on Sept 19, 2017.
             The game lasted 00:33:43 (5448 turns).

Lavandula the Grappler (Ghoul Warper)               Turns: 5448, Time: 00:33:44

Health: -9/86      AC:  9    Str: 16    XL:     10   Next: 78%
Magic:  7/13       EV: 14    Int:  4    God:    Uskayaw [*.....]
Gold:   279        SH:  0    Dex: 10    Spells: 3/14 levels left

rFire    . . .     SeeInvis +     - Unarmed
rCold    + . .     Gourm    .   (no shield)
rNeg     + + +     Faith    .   q - +0 leather armour (curse)
rPois    ∞         Spirit   .   p - +2 helmet
rElec    +         Reflect  .   G - +2 cloak
rCorr    .         Harm     .   (no gloves)
MR       +....                  (no boots)
Stlth    +.........             (no amulet)
HPRegen  0.00/turn              N - ring "Biomukk" {+Blink rElec rPois MR+ Int-5}
MPRegen  0.13/turn              J - ring of see invisible

@: about to teleport, very slightly contaminated, rotting
A: rotting body, claws 1, carnivore 3, cold resistance 1, negative energy
resistance 3, inhibited regeneration, torment resistance, unbreathing
a: Stomp, Renounce Religion, Evoke Blink


You were on level 11 of the Dungeon.
You worshipped Uskayaw.
Uskayaw was noncommittal.
You were not hungry.

You visited 3 branches of the dungeon, and saw 13 of its levels.
You also visited: Ossuary.

You collected 279 gold pieces.

Inventory:

Hand Weapons
 t - the +5 dagger of Light {freeze, rN+ MP+9 Str-5 Stlth+}
   (You found it on level 5 of the Dungeon)

   It has been specially enchanted to freeze those struck by it, causing extra
   injury to most foes and up to half again as much damage against particularly
   susceptible opponents.
   It can also slow down cold-blooded creatures.
   It affects your strength (-5).
   It protects you from negative energy.
   It affects your magic capacity (+9).
   It makes you more stealthy.
Missiles
 d - 5 tomahawks of dispersal (quivered)
 h - 10 throwing nets
 x - 2 tomahawks
 M - 6 poisoned tomahawks
Armour
 a - a +0 leather armour
 o - a +0 ring mail
 p - a +2 helmet (worn)
 q - a cursed +0 leather armour (worn)
 G - a +2 cloak (worn)
Jewellery
 I - an uncursed ring of flight
 J - a ring of see invisible (right claw)
 N - the ring "Biomukk" (left claw) {+Blink rElec rPois MR+ Int-5}
   (You found it on level 9 of the Dungeon)

   [ring of protection from magic]

   It affects your intelligence (-5).
   It insulates you from electricity.
   It protects you from poison.
   It affects your resistance to hostile enchantments.
   It lets you blink.
Wands
 v - a wand of lightning (8/15)
 y - a wand of confusion (10/48)
 D - a wand of acid (7/15)
 F - a wand of confusion (24/48)
Scrolls
 c - 2 scrolls of blinking
 g - 4 scrolls of teleportation
 l - 3 scrolls of fear {unknown}
 n - 4 scrolls of remove curse
 B - a scroll of random uselessness {unknown}
 C - 2 scrolls of holy word {unknown}
 K - a scroll of enchant armour
 L - a scroll of recharging
Potions
 e - 3 potions of agility
 k - 2 potions of mutation {unknown}
 m - 2 potions of degeneration {unknown}
 r - 3 potions of curing {unknown}
 s - 3 potions of magic {unknown}
 z - 2 potions of flight {unknown}
 A - 2 potions of resistance {unknown}
 E - a potion of haste {unknown}
Books
 b - a book of Spatial Translocations

   Spells                             Type                      Level
   a - Blink                          Translocation                2
   b - Shroud of Golubria             Charms/Translocation         2
   c - Lesser Beckoning               Translocation                3
   d - Gell's Gravitas                Translocation                3
   e - Teleport Other                 Translocation                3
   f - Passage of Golubria            Translocation                4
 i - a book of Maledictions

   Spells                             Type                      Level
   a - Corona                         Hexes                        1
   b - Ensorcelled Hibernation        Hexes/Ice                    2
   c - Confuse                        Hexes                        3
   d - Tukima's Dance                 Hexes                        3
   e - Dazzling Spray                 Conjuration/Hexes            3
 u - a book of Party Tricks

   Spells                             Type                      Level
   a - Summon Butterflies             Summoning                    1
   b - Apportation                    Translocation                1
   c - Lesser Beckoning               Translocation                3
   d - Tukima's Dance                 Hexes                        3
   e - Alistair's Intoxication        Transmutation/Poison         5
   f - Invisibility                   Hexes                        6
 w - a book of Cantrips

   Spells                             Type                      Level
   a - Confusing Touch                Hexes                        1
   b - Animate Skeleton               Necromancy                   1
   c - Summon Small Mammal            Summoning                    1
   d - Apportation                    Translocation                1
Comestibles
 f - 4 meat rations


   Skills:
 - Level 7.5 Fighting
 - Level 3.5 Throwing
 - Level 0.8 Armour
 + Level 6.3 Dodging
 - Level 9.5 Unarmed Combat
 - Level 2.7 Spellcasting
 - Level 2.7 Summonings
 - Level 3.6 Necromancy
 - Level 4.7 Translocations
 - Level 5.0 Invocations


You had 3 spell levels left.
You knew the following spells:

 Your Spells              Type           Power        Failure   Level  Hunger
a - Blink                 Tloc           N/A          12%         2    ###....
b - Shroud of Golubria    Chrm/Tloc      #.........   30%         2    ###....
c - Apportation           Tloc           #.....       8%          1    ##.....
d - Summon Butterflies    Summ           #.......     17%         1    ##.....
e - Animate Skeleton      Necr           N/A          12%         1    ##.....
f - Passage of Golubria   Tloc           N/A          58%         4    #####..


Dungeon Overview and Level Annotations

Branches:
Dungeon (11/15)            Temple (1/1) D:4             Orc (1/2) D:9
   Lair: D:8-11

Altars:
Ashenzari
Cheibriados
Dithmenos
Elyvilon
Fedhas
Gozag
Kikubaaqudgha
Makhleb
Nemelex Xobeh
Okawaru
Qazlal
Ru
Sif Muna
Trog
Uskayaw
Vehumet
Wu Jian
Xom
Yredelemnul
Zin
The Shining One

Shops:
D:6 (

Annotations:
D:4 Heronymous's ghost, novice DsTm
D:8 exclusion: door
D:9 exclusion: downstairs
D:10 skelma's ghost, journeyman DsFE


Innate Abilities, Weirdness & Mutations

Your body is rotting away.
You thrive on raw meat.
You are immune to poison.
You have sharp fingernails.
You are carnivorous and can eat meat at any time.
Your flesh is cold resistant. (rC+)
You are immune to negative energy. (rN+++)
You do not regenerate when monsters are visible.
You are immune to unholy pain and torment.
You can survive without breathing.


Message History

You feel strangely unstable.
The centaur warrior seems less confused.
The orc warrior seems less confused.
The orc warrior barely misses you.
You feel much better. The orc warrior barely misses you.
The orc warrior hits you with a dire flail!
* * * LOW HITPOINT WARNING * * *
The centaur warrior hits you.
* * * LOW HITPOINT WARNING * * *
The orc warrior closely misses you.
An orc warrior comes into view. It is wielding a short sword.
Casting: Shroud of Golubria
Confirm with . or Enter, or press ? or * to list all spells.
You miscast Shroud of Golubria.
You are very lightly contaminated with residual magic.
Strange energies run through your body.
The orc warrior shouts!
The centaur warrior hits you.
* * * LOW HITPOINT WARNING * * *
The orc warrior hits you with a dire flail!!
You die... #...# ... ##.' #...####### .o##..# #.........# .....# #...#####.### ....# #............ . o..# #....###.#.## .o cc#

#....#
#.#.# ...
#o+ #....#
#.#.##
..##@#
#.....
..#...
.....ooc#
#... ######
#8.8###o###
#... ##
#(()((#
#.##
#((.((#
#######
#.## .....
..... ##...


You could see 3 centaur warriors and 6 orc warriors.

Vanquished Creatures
  Pikel (D:3)
  An ugly thing (D:11)
  Maurice (D:8)
  A hornet (D:9)
  A hippogriff (D:9)
  A spriggan (D:7)
  2 wyverns
  A yak (D:9)
  Menkaure (D:6)
  6 orc warriors
  An ice beast (D:5)
  A sky beast (D:7)
  5 ogres
  A phantom (D:9)
  5 centaurs
  2 big kobolds (D:9)
  An elf zombie (D:8)
  2 bullfrogs
  2 scorpions
  A water moccasin skeleton (D:7)
  3 howler monkeys (D:7)
  A crimson imp (D:10)
  2 bullfrog zombies (D:7)
  3 centaur zombies (Ossuary)
  2 quasits
  3 hounds
  4 orc priests
  3 jellies
  3 orc wizards
  2 bullfrog skeletons
  A human skeleton (D:8)
  5 worker ants
  Natasha (D:2)
  3 iguanas
  2 big kobold zombies (Ossuary)
  A hound zombie (D:7)
  4 mummies (Ossuary)
  3 worker ant zombies
  7 gnolls
  4 adders
  2 shadow imps
  An adder skeleton (D:4)
  3 adder zombies
  2 worms
  A dart slug (D:2)
  6 leopard geckos
  29 orcs
  2 giant cockroaches
  6 goblins
  4 hobgoblins
  4 jackals
  2 quokkas
  A ball python (D:4)
  A bat (D:3)
  5 frilled lizards
  3 hobgoblin zombies (Ossuary)
  A jackal skeleton (D:4)
  13 kobolds
  An orc skeleton (D:8)
  An orc zombie (D:8)
  8 rats
190 creatures vanquished.

Vanquished Creatures (others)
  An ogre (D:4)
  An adder skeleton (D:4)
  A frilled lizard (D:4)
3 creatures vanquished.

Grand Total: 193 creatures vanquished

Notes
Turn   | Place    | Note
-------+----------+-------------------------------------------
     0 | D:1      | Lavandula the Ghoul Warper began the quest for the Orb.
     0 | D:1      | Reached XP level 1. HP: 17/17 MP: 2/2
   181 | D:2      | Reached skill level 3 in Unarmed Combat
   181 | D:2      | Reached XP level 2. HP: 15/24 MP: 3/3
   207 | D:2      | Learned a level 2 spell: Blink
   210 | D:2      | Learned a level 2 spell: Shroud of Golubria
   273 | D:2      | Noticed Natasha
   282 | D:2      | Killed Natasha
   282 | D:2      | Reached skill level 4 in Unarmed Combat
   282 | D:2      | Reached XP level 3. HP: 14/29 MP: 4/4
   370 | D:2      | Reached XP level 4. HP: 31/36 MP: 3/5
   445 | D:2      | Reached skill level 5 in Unarmed Combat
   981 | D:3      | Found a bloodstained altar of Trog.
   981 | D:3      | Found a shadowy altar of Dithmenos.
  1000 | D:3      | Found a faded altar of an unknown god.
  1002 | D:3      | Reached XP level 5. HP: 20/41 MP: 6/6
  1096 | D:4      | Noticed a slave
  1097 | D:4      | Noticed Pikel
  1097 | D:4      | Noticed a slave
  1103 | D:4      | Noticed a slave
  1117 | D:3      | Killed Pikel
  1117 | D:3      | Reached skill level 8 in Unarmed Combat
  1117 | D:3      | Reached XP level 6. HP: 23/48 MP: 5/7
  1117 | D:3      | Reached XP level 7. HP: 26/55 MP: 5/8
  1292 | D:4      | Found a blossoming altar of Fedhas.
  1390 | D:4      | Noticed Heronymous's ghost (novice DsTm)
  1413 | D:5      | Entered Level 5 of the Dungeon
  1426 | D:5      | Reached skill level 9 in Unarmed Combat
  1466 | D:5      | Got a warped dagger
  1482 | D:5      | Learned a level 1 spell: Apportation
  1484 | D:5      | Learned a level 1 spell: Summon Butterflies
  1484 | D:5      | Identified the +5 dagger of Light {freeze, rN+ MP+9 Str-5 Stlth+} (You found it on level 5 of the Dungeon)
  1658 | D:5      | Found a sacrificial altar of Ru.
  1666 | D:5      | Reached XP level 8. HP: 52/67 MP: 9/9
  1692 | D:5      | Found Onyu's Book Boutique.
  1758 | D:5      | Reached skill level 5 in Fighting
  1842 | D:4      | Found a staircase to the Ecumenical Temple.
  1851 | Temple   | Entered the Ecumenical Temple
  1858 | Temple   | Became a worshipper of Uskayaw the Reveler
  1909 | D:4      | Reached * piety under Uskayaw
  1975 | D:4      | Reached ** piety under Uskayaw
  2171 | D:5      | Learned a level 1 spell: Animate Skeleton
  2242 | D:6      | Reached *** piety under Uskayaw
  2253 | D:6      | Reached **** piety under Uskayaw
  2349 | D:6      | Found a basalt altar of Yredelemnul.
  2514 | D:6      | Found Folamp's Weapon Shop.
  2526 | D:6      | Noticed Menkaure
  2560 | D:6      | Killed Menkaure
  2569 | D:6      | Reached XP level 9. HP: 75/75 MP: 6/10
  2721 | D:7      | Reached skill level 1 in Necromancy
  2733 | D:7      | Reached ***** piety under Uskayaw
  3251 | D:7      | Reached skill level 5 in Dodging
  3265 | D:7      | Found a sparkling altar of Nemelex Xobeh.
  3321 | D:7      | Reached skill level 1 in Invocations
  3485 | D:8      | Found a sand-covered staircase.
  3507 | Ossuary  | Entered an ossuary
  3691 | Ossuary  | Learned a level 4 spell: Passage of Golubria
  4102 | D:9      | Noticed a two-headed ogre
  4199 | D:8      | Reached skill level 1 in Throwing
  4392 | D:8      | Noticed Maurice
  4427 | D:8      | Killed Maurice
  4427 | D:8      | Reached XP level 10. HP: 72/83 MP: 13/13
  4867 | D:9      | Found a staircase to the Orcish Mines.
  4989 | Orc:1    | Entered Level 1 of the Orcish Mines
  4989 | Orc:1    | Noticed an orc sorcerer
  4989 | Orc:1    | Noticed an ettin
  4992 | Orc:1    | Noticed an orc warlord
  5068 | D:9      | Got a faintly glowing turquoise ring
  5070 | D:9      | Identified the ring "Biomukk" {+Blink rElec rPois MR+ Int-5} (You found it on level 9 of the Dungeon)
  5189 | D:9      | Reached skill level 5 in Invocations
  5217 | D:10     | Entered Level 10 of the Dungeon
  5274 | D:10     | Noticed skelma's ghost (journeyman DsFE)
  5318 | D:11     | Noticed a white ugly thing
  5338 | D:11     | Killed a red ugly thing
  5435 | D:11     | Noticed a centaur warrior
  5444 | D:11     | Noticed a centaur warrior
  5445 | D:11     | Noticed a centaur warrior
  5448 | D:11     | Mangled by an orc warrior

Vault maps used:
D:1:      scummos_arrival_simple_fountains, minmay_pentomino_x2
D:2:      uniq_natasha
D:3:      chequers_temple_overflow_statue_of_worship,
          chequers_ecumenical_altar_simple_redux, grunt_gozag_statues
D:4:      fedhas_altar_1, temple_fountains, uniq_pikel
D:5:      nicolae_ru_the_path_less_chosen, first_bread, serial_shops,
          nicolae_shop_stone, serial_bayou_ford_a
D:6:      yredelemnul_forgotten_temple_becter, serial_shops,
          nicolae_shop_waterfront, uniq_menkaure
D:7:      nemelex_altar_shiori, the_bakery, hangedman_decor_lopped,
          kennysheep_generic_room_11
D:8:      nicolae_overflow_hidden_temple, nicolae_ossuary_entry_catacombs,
          uniq_maurice
D:9:      david_orc_2
D:10:     serial_shops, shop, nicolae_trove_entry_crossroad
D:11:     evilmike_iron_armoury, lair_entry_dummy, minmay_misc_feat_cross,
          minivault_8, uniq_erica
Temple:   nicolae_temple_no_exploring_needed
Orc:1:    serial_shops, nicolae_shop_trees, uniq_josephine
Ossuary:  ossuary_the_hunt_dpeg

Skill      XL: |  1  2  3  4  5  6  7  8  9 10 |
---------------+-------------------------------+-----
Unarmed Combat | 3 4 5 8 9 |  9.5
Fighting       | 4 5 7 |  7.5
Dodging        | 2 5 6 |  6.3
Translocations | 4 |  4.7
Summonings     | 2 |  2.7
Necromancy     | 3 |  3.6
Invocations    | 3 5 |  5.0
Spellcasting   | 2 |  2.7
Throwing       | 3 |  3.5
Armour         | |  0.8

Action                   |  1- 3 |  4- 6 |  7- 9 | 10-12 || total
-------------------------+-------+-------+-------+-------++-------
Melee: Unarmed           |    63 |    56 |   404 |   215 ||   738
       Punch             |     1 |     1 |    10 |     7 ||    19
 Cast: Shroud of Golubri |     1 |     3 |    30 |    15 ||    49
       Blink             |       |       |     9 |     4 ||    13
Invok: Line Pass         |       |       |       |     1 ||     1
Evoke: Wand              |       |       |    13 |     6 ||    19
  Use: Scroll            |       |       |    11 |     1 ||    12
       Potion            |       |       |     3 |     1 ||     4
 Stab: Paralysed         |       |       |     4 |     8 ||    12
       Confused          |       |       |     4 |     1 ||     5
       Held in net/web   |       |       |     1 |       ||     1
  Eat: Chunk             |     6 |    10 |    64 |    32 ||   112
Armor: Leather armour    |     9 |     9 |    65 |    63 ||   146
Dodge: Dodged            |    20 |    15 |   184 |   130 ||   349

Table legend:
 A = Spawn XP
 B = Non-spawn XP
 C = Spawn XP percentage of total XP
 D = Spawn monster count
 E = Non-spawn monster count
 F = Spawn count percentage of total count
 G = Total turns spent on level
                    A         B        C        D         E        F      G
               +---------+---------+-------+---------+---------+-------+---------
         Total |       0 |    8231 |   0.0 |       0 |     190 |   0.0 |  5448
               +---------+---------+-------+---------+---------+-------+---------
           D:1 |       0 |       6 |   0.0 |       0 |       4 |   0.0 |   131
           D:2 |       0 |     113 |   0.0 |       0 |      18 |   0.0 |   348
           D:3 |       0 |     706 |   0.0 |       0 |      14 |   0.0 |   798
           D:4 |       0 |     218 |   0.0 |       0 |      13 |   0.0 |   473
           D:5 |       0 |     659 |   0.0 |       0 |      16 |   0.0 |   430
           D:6 |       0 |     738 |   0.0 |       0 |      14 |   0.0 |   764
           D:7 |       0 |    1547 |   0.0 |       0 |      35 |   0.0 |   421
           D:8 |       0 |     771 |   0.0 |       0 |      12 |   0.0 |   963
           D:9 |       0 |    2122 |   0.0 |       0 |      43 |   0.0 |   684
          D:10 |       0 |     350 |   0.0 |       0 |       3 |   0.0 |    67
          D:11 |       0 |     736 |   0.0 |       0 |       5 |   0.0 |   164
         Orc:1 |       0 |       3 |   0.0 |       0 |       1 |   0.0 |     5
       Ossuary |       0 |     262 |   0.0 |       0 |      12 |   0.0 |   185
               +---------+---------+-------+---------+---------+-------+---------
